 Dungeon Crawl Stone Soup version 0.31-a0-1074-g0b22e4e0f1 (webtiles) character file.

Game seed: 11777771055402166994

493 grandjackal the Twirler (level 7, 0/88 HPs)
             Began as a Djinni Gladiator on Nov 29, 2023.
             Frozen to death by an endoplasm (5 damage)
             ... on level 4 of the Dungeon.
             The game lasted 00:04:25 (2893 turns).

grandjackal the Twirler (Djinni Gladiator)          Turns: 2893, Time: 00:04:25

Health: 0/88       AC: 23    Str: 19    XL:     7   Next: 37%
Gold:   116        EV:  2    Int: 12    God:
                   SH:  0    Dex: 14

rFire   . . .        a - +0 quarterstaff
rCold   . . .        (shield currently unavailable)
rNeg    . . .        o - melded +0 scale mail
rPois   ∞            c - melded +0 helmet
rElec   .            (cloak currently unavailable)
rCorr   .            (gloves currently unavailable)
SInv    .            (boots unavailable)
Will    .....        (no amulet)
Stlth   +            h - +6 ring of strength
HPRegen 0.34/turn    (no ring)
MPRegen 0.00/turn

%: infuse magic (-1 HP)
@: tree-form
A: stationary, stasis, torment immunity, boosted hp, sickness immunity, (fire
resistance 2), (cold vulnerability 1), float, innate caster, HP casting, extra
vitality 1, (iridescent scales 1), sense surroundings 1, robust 1
a: no special abilities


You were on level 4 of the Dungeon.
You were a tree.
You visited 1 branch of the dungeon, and saw 4 of its levels.

You collected 116 gold pieces.

Inventory:

Hand Weapons
 a - a +0 quarterstaff (weapon)
Missiles
 d - 3 throwing nets (quivered)
 e - a javelin
Armour
 c - a +0 helmet (melded)
 o - a +0 scale mail (melded)
Magical Staves
 i - a staff of poison
Jewellery
 f - a ring of willpower
 h - a +6 ring of strength (left branch)
Scrolls
 j - 2 scrolls of identify {unknown}
 k - a scroll of fog {unknown}
 n - 2 scrolls of poison {unknown}
 p - 2 scrolls of immolation {unknown}
Potions
 l - 2 potions of attraction {unknown}


   Skills:
 + Level 5.0 Fighting
 + Level 5.0 Staves
 - Level 1.5 Throwing
 - Level 3.2 Dodging
 + Level 2.8 Evocations


You knew the following spells:

 Your Spells              Type           Power      Damage    Failure   Level
a - Slow                  Hex            0%         N/A       32%         1
b - Searing Ray           Conj           0%         2d4       45%         2
c - Call Imp              Summ           0%         N/A       45%         2
Your spell library was empty.

Dungeon Overview and Level Annotations

Branches:
Dungeon (4/15)
 Temple: D:4-7

Altars:
Elyvilon

Shops:
D:1 :


Innate Abilities, Weirdness & Mutations

You are a tree.
Your roots penetrate the ground, keeping you stationary.
You cannot be teleported.
You are immune to unholy pain and torment.
Your maximum health is greatly increased.
Your equipment is partially melded.
You are immune to sickness and miasma.
You are immune to poison.
((Your flesh is very heat resistant. (rF++)))
((You are vulnerable to cold. (rC-)))
You float through the air rather than walking.
You learn spells naturally, not from books.
Your magical power is your life essence.
You have superior vitality. (+4 MHP)
((You are partially covered in iridescent scales. (AC +2)))
You passively map a small area around you.
You are robust. (+10% HP)


Message History

The orc priest calls upon Beogh to heal the orc wizard.
The orc wizard is healed somewhat.
The orc wizard hits you but does no damage.
You thump the orc wizard!
You kill the orc wizard!
Your Fighting skill increases to level 5!
You hit the endoplasm.
The endoplasm is heavily wounded.
The orc priest calls down the wrath of Beogh upon you.
Beogh smites you!
* * * LOW HITPOINT WARNING * * *
The endoplasm freezes you.
You are frozen!
You feel a terrible chill!
* * * LOW HITPOINT WARNING * * *
The quokka twitches its whiskers.
You hit the endoplasm.
The endoplasm is severely wounded.
The endoplasm closely misses you.
Okay, then.
You turn into a tree.
Your +0 helmet melds into your body.
Your +0 scale mail melds into your body.
Your roots penetrate the ground.
The endoplasm freezes you.
You are frozen.
* * * LOW HITPOINT WARNING * * *
You barely miss the endoplasm.
The endoplasm is severely wounded.
The endoplasm jiggles.
The endoplasm freezes you.
You are frozen.
* * * LOW HITPOINT WARNING * * *
You completely miss the endoplasm.
The endoplasm is severely wounded.
The endoplasm hits you but does no damage.
The endoplasm barely misses you.
You barely miss the endoplasm.
The endoplasm is severely wounded.
The endoplasm freezes you.
You are frozen.
You die...

...............###......#
.....#..#....#.##.......#
...#....#....#......#...#*
.............##...#..^..# ,,
.........##.....##.......#,,_
.........#########.......#,
###........# #.......#, ,
#......#.#######g......# *
#...........[)♣Jo.....
#............###r..... , ,
#............# .....
#......#.....# ....
#......#.....# *** ###
##############


You could see an orc priest, an endoplasm, a quokka and a hobgoblin.

Vanquished Creatures
  Menkaure (D:3)
  An ogre (D:4)
  An orc priest (D:3)
  Jessica (D:2)
  4 orc wizards
  4 adders
  3 gnolls (D:3)
  5 dart slugs
  8 orcs
  7 ball pythons
  5 bats
  6 endoplasms
  A giant cockroach (D:2)
  3 goblins
  11 hobgoblins
  A quokka (D:2)
  3 kobolds (D:1)
  5 rats
70 creatures vanquished.

Notes
Turn   | Place    | Note
-------+----------+-------------------------------------------
     0 | D:1      | grandjackal the Djinni Gladiator began the quest for the
                  | Orb.
     0 | D:1      | Reached XP level 1. HP: 18/18 MP: 0/0
    97 | D:1      | Reached XP level 2. HP: 22/23 MP: 0/0
   464 | D:1      | Found Yvoq's Book Boutique.
   913 | D:2      | Noticed Jessica
   923 | D:1      | Reached XP level 3. HP: 26/29 MP: 0/0
   923 | D:1      | Learned a level 1 spell: Slow
   941 | D:2      | Killed Jessica
   942 | D:2      | Reached XP level 4. HP: 27/35 MP: 0/0
  1023 | D:2      | You are sucked into a shaft and drop 1 floor!
  1044 | D:3      | Found a white marble altar of Elyvilon.
  1775 | D:4      | Noticed an ogre
  1781 | D:4      | Noticed Menkaure
  1944 | D:3      | Reached XP level 5. HP: 40/40 MP: 0/0
  1944 | D:3      | Learned a level 2 spell: Searing Ray
  2527 | D:4      | Noticed a black bear
  2569 | D:3      | Gained mutation: You are partially covered in iridescent
                  | scales. (AC +2) [potion of mutation]
  2569 | D:3      | Gained mutation: You are robust. (+10% HP) [potion of
                  | mutation]
  2569 | D:3      | Gained mutation: You passively map a small area around you.
                  | [potion of mutation]
  2576 | D:3      | Killed Menkaure
  2577 | D:3      | Reached skill level 1 in Evocations
  2577 | D:3      | Reached XP level 6. HP: 48/52 MP: 0/0
  2655 | D:4      | Noticed an ogre
  2832 | D:4      | Killed an ogre
  2833 | D:4      | Reached XP level 7. HP: 58/58 MP: 0/0
  2833 | D:4      | Learned a level 2 spell: Call Imp
  2881 | D:4      | Reached skill level 5 in Staves
  2888 | D:4      | Reached skill level 5 in Fighting
  2891 | D:4      | HP: 4/88 [frozen (4)]
  2893 | D:4      | Frozen to death by an endoplasm

Illustrated notes

Levels and vault maps discovered:
D:1:      dpeg_arrival_another_circle, layout_basic, serial_shops, shop,
          kennysheep_flooded_box
D:2:      layout_rooms, serial_bayou_crossing, uniq_jessica
D:3:      layout_basic, nicolae_elyvilon_peaceful_grove,
          minmay_misc_feat_hallway
D:4:      layout_rooms, nzn_wu_jian_contemplation, uniq_menkaure

Skill      XL: |  1  2  3  4  5  6  7 |
---------------+----------------------+-----
Staves         | 3 4 5 |  5.0
Fighting       | 3 4 5 |  5.0
Evocations     | 1 2 |  2.8
Throwing       | |  1.5
Dodging        | |  3.2

Action                     |  1- 3 |  4- 6 |  7- 9 || total
---------------------------+-------+-------+-------++-------
  Melee: Quarterstaff      |    40 |   159 |    25 ||   224
    Use: Scroll            |       |     2 |       ||     2
         Potion            |       |     3 |     2 ||     5
 Armour: Leather armour    |    16 |       |       ||    16
         Ring mail         |     9 |    31 |       ||    40
         Scale mail        |       |    76 |    16 ||    92
         Skin              |       |    17 |     1 ||    18
  Dodge: Dodged            |    20 |    94 |     5 ||   119

Table legend: (Time is in decaauts)
 A = Elapsed time spent in this place.
 B = Non-inter-level travel time spent in this place.
 C = Inter-level travel time spent in this place.
 D = Time resting spent in this place.
 E = Time spent auto-exploring this place.
 F = Levels seen in this place.
 G = Mean time per level.
                   A        B        C        D        E       F      G
               +--------+--------+--------+--------+--------+-----+--------+
         Total |   2921 |   2643 |    278 |    287 |   1789 |   4 |  730.2 |
       Dungeon |   2921 |   2643 |    278 |    287 |   1789 |   4 |  730.2 |
               +--------+--------+--------+--------+--------+-----+--------+

Top non-repeatable levels by time:
     D:3: 1222 daAuts
     D:1: 938 daAuts
     D:2: 602 daAuts
     D:4: 157 daAuts
